 Dungeon Crawl Stone Soup version 0.28.0 (webtiles) character file.

Game seed: 7855096669220204476

45 murtidash the Digger (level 3, 26/26 HPs)
             Began as a Demigod Earth Elementalist on Feb 3, 2022.
             Quit the game on level 1 of the Dungeon on Feb 4, 2022.
             The game lasted 00:03:09 (1507 turns).

murtidash the Digger (Demigod Earth Elementalist)   Turns: 1507, Time: 00:03:10

Health: 26/26      AC:  2    Str:  9    XL:     3   Next: 25%
Magic:  9/9        EV: 12    Int: 21    God:
Gold:   70         SH:  0    Dex: 14    Spells: 0/6 levels left

rFire   . . .      SeeInvis .   a - +0 spear
rCold   . . .      Faith    .   (no shield)
rNeg    . . .      Spirit   .   b - +0 robe
rPois   .          Reflect  .   (no helmet)
rElec   .          Harm     .   (no cloak)
rCorr   .          Rampage  .   (no gloves)
Will    .....                   (no boots)
Stlth   ++........              (no amulet)
HPRegen 0.08/turn               (no ring)
MPRegen 0.11/turn               (no ring)

@: no status effects
A: high MP 1, forlorn, divine attributes
a: no special abilities


You were on level 1 of the Dungeon.
You visited 1 branch of the dungeon, and saw 1 of its levels.

You collected 70 gold pieces.

Inventory:

Hand Weapons
 a - a +0 spear (weapon)
   (You found it on level 1 of the Dungeon)
Missiles
 c - 24 stones
Armour
 b - a +0 robe (worn)
Jewellery
 h - a ring of ice {rC+, rF-}
   (You found it on level 1 of the Dungeon)
Scrolls
 d - 2 scrolls of torment {unknown}
 e - a scroll of identify {unknown}
 g - a scroll of enchant weapon {unknown}
Potions
 f - 2 potions of invisibility {unknown}


   Skills:
 - Level 1.7 Dodging
 - Level 1.7 Stealth
 - Level 2.3 Spellcasting
 + Level 0.1 Conjurations
 + Level 1.8 Transmutations
 + Level 3.2 Earth Magic


You couldn't memorise any spells.
You knew the following spells:

 Your Spells              Type           Power      Damage    Failure   Level
a - Sandblast             Erth           32%        2d9       3%          1
w - Passwall              Tmut/Erth      10%        N/A       8%          2
x - Stone Arrow           Conj/Erth      18%        3d8       22%         3

Your spell library contained the following spells:

 Spells                   Type           Power      Damage    Failure   Level
 Petrify                  Tmut/Erth      13%        N/A       45%         4


Dungeon Overview and Level Annotations

Branches:
Dungeon (1/15)


Innate Abilities, Weirdness & Mutations

You have an increased reservoir of magic. (+10% MP)
You shall have no god before yourself.
Your divine heritage dramatically boosts your attributes as you level up.


Message History

You now have 50 gold pieces (gained 13).
An endoplasm comes into view.
Aim: an endoplasm (asleep, 100% to hit)
The blast of sand hits the endoplasm!
You kill the endoplasm!
c - 10 stones You now have 8/9 mp.
You can't see any susceptible monsters within range! (Use Z to cast anyway.)
A bat comes into view.
MP restored: 9 You reach to attack!
The helpless bat fails to defend itself.
You hit the bat.
You kill the bat!
No target in view!
No target in view!
No target in view!
No target in view!
No target in view!
A bat comes into view.
You reach to attack!
The helpless bat fails to defend itself.
You hit the bat.
You kill the bat!
No target in view!
No target in view!
No target in view!
No target in view!
No target in view!
No target in view!
This spell is extremely dangerous to cast!
Memorise Stone Arrow, consuming 3 spell levels and leaving 2?
You start memorising the spell.
You continue memorising. x3
You finish memorising.
Spell assigned to 'x'.
Memorise Passwall, consuming 2 spell levels and leaving 0?
You start memorising the spell.
You continue memorising. x2
You finish memorising.
Spell assigned to 'w'.
Okay, then.
Unknown command.
You see here a bat corpse.
You see here a +0 club.
A goblin comes into view. It is wielding a +0 dagger.
The goblin shouts!
You closely miss the goblin. The goblin closely misses you.
You barely miss the goblin. The goblin closely misses you.
You closely miss the goblin. The goblin closely misses you. x2
You hit the goblin.
You kill the goblin!
No target in view!
No target in view!
No target in view!
No target in view!
No target in view!
You now have 60 gold pieces (gained 10).
You now have 70 gold pieces (gained 10).
A hobgoblin comes into view.
The hobgoblin shouts!
You hit the hobgoblin but do no damage. The hobgoblin completely misses you.
You hit the hobgoblin but do no damage. The hobgoblin closely misses you.
You hit the hobgoblin but do no damage. The hobgoblin barely misses you.
You closely miss the hobgoblin. The hobgoblin hits you.
You take 1 damage, and have 25/26 hp.
You hit the hobgoblin but do no damage. The hobgoblin barely misses you.
You barely miss the hobgoblin.
The hobgoblin hits you but does no damage.
You barely miss the hobgoblin. The hobgoblin hits you.
You take 3 damage, and have 22/26 hp.
You hit the hobgoblin but do no damage. The hobgoblin hits you.
You take 5 damage, and have 17/26 hp.
You are too injured to fight recklessly!
You are too injured to fight recklessly!
You are too injured to fight recklessly!
You are too injured to fight recklessly!
You are too injured to fight recklessly!
You are too injured to fight recklessly!
You are too injured to fight recklessly!
Aim: a hobgoblin (79% to hit)
The blast of sand hits the hobgoblin!
You kill the hobgoblin!
c - 9 stones You now have 8/9 mp.
There is a stone staircase leading down here.
c - 24 stones (gained 15)
A frilled lizard comes into view.
Health restored: 26; MP restored: 9 You hit the frilled lizard.
You kill the frilled lizard!
No target in view!
No target in view!
No target in view!
No target in view!
No target in view!
You see here a bat skeleton.
Partly explored, can't reach some places.
Partly explored, can't reach some places.
You hit the plant.
The plant begins to die.
You punch the plant. You hit the plant. You hit the plant. You hit the plant.
A nearby plant withers and dies.
Welcome back, murtidash the Demigod Earth Elementalist.

########.......#
.........##.#..#
.########...#..# .#
♣♣###♣♣♣ .# ♣ # .# ♣P
# ### ##P♣ .#
♣P###≈###P♣♣ .#
.♣.P♣≈♣.P♣P♣ .##♣♣.♣
♣P≈≈P♣♣@♣♣
.#..P♣♣♣P♣≈≈♣♣P♣♣.♣##
.#.♣♣♣PP♣♣♣≈≈♣♣♣P♣..#
.#.♣♣.♣ ♣P≈≈≈♣♣[♣♣♣.#
.#.♣.♣♣♣♣≈≈≈♣♣♣♣ ♣.#
....♣♣ ♣.≈≈≈♣♣ #.#
...## ♣♣≈≈≈P♣♣ #.#
##.###♣♣♣≈≈≈..♣♣ #.#
##.....♣♣)≈≈♣..♣###.#


There were no monsters in sight!

Vanquished Creatures
  5 bats (D:1)
  5 endoplasms (D:1)
  2 giant cockroaches (D:1)
  A hobgoblin (D:1)
  8 jackals (D:1)
  A quokka (D:1)
  2 ball pythons (D:1)
  5 frilled lizards (D:1)
  7 goblins (D:1)
  2 kobolds (D:1)
  A rat (D:1)
39 creatures vanquished.

Vanquished Creatures (others)
  A plant (D:1)
1 creature vanquished.

Grand Total: 40 creatures vanquished

Notes
Turn   | Place    | Note
-------+----------+-------------------------------------------
     0 | D:1      | murtidash the Demigod Earth Elementalist began the quest
                  | for the Orb.
     0 | D:1      | Reached XP level 1. HP: 14/14 MP: 5/5
    63 | D:1      | Reached skill level 1 in Transmutations
    83 | D:1      | Reached skill level 2 in Spellcasting
   200 | D:1      | Reached XP level 2. HP: 20/20 MP: 1/7
   231 | D:1      | Reached skill level 3 in Earth Magic
   781 | D:1      | Reached XP level 3. HP: 20/26 MP: 9/9
  1123 | D:1      | Learned a level 3 spell: Stone Arrow
  1126 | D:1      | Learned a level 2 spell: Passwall
  1507 | D:1      | Upgraded the game from 0.28-b1-25-g9875b3fc8c to 0.28.0
  1507 | D:1      | Quit the game

Illustrated notes

Levels and vault maps discovered:
D:1:      saegor_arrival_simple_e, layout_loops_ring, wad_woods_river_04,
          nicolae_concentric_dashed_squares_wild

Skill      XL: |  1  2 |
---------------+-------+-----
Transmutations | 1 |  1.8
Spellcasting   | 2 |  2.3
Earth Magic    | 3 |  3.2
Dodging        | |  1.7
Stealth        | |  1.7
Conjurations   | |  0.1

Action                   || total
-------------------------++-------
Melee: Unarmed           ||     7
       Spear             ||    59
       Punch             ||     1
Throw: Stone             ||     2
 Cast: Sandblast         ||    29
 Stab: Sleeping          ||     2
Armor: Robe              ||     5
Dodge: Dodged            ||    49

Table legend: (Time is in decaauts)
 A = Elapsed time spent in this place.
 B = Non-inter-level travel time spent in this place.
 C = Inter-level travel time spent in this place.
 D = Time resting spent in this place.
 E = Time spent auto-exploring this place.
 F = Levels seen in this place.
 G = Mean time per level.
                   A        B        C        D        E       F      G
               +--------+--------+--------+--------+--------+-----+--------+
         Total |   1523 |   1523 |      0 |      0 |   1302 |   1 | 1523.0 |
       Dungeon |   1523 |   1523 |      0 |      0 |   1302 |   1 | 1523.0 |
               +--------+--------+--------+--------+--------+-----+--------+

Top non-repeatable levels by time:
     D:1: 1523 daAuts

Table legend:
 A = Kills in this place as a percentage of kills in entire the game.
 B = Kills by you in this place as a percentage of kills by you in the entire game.
 C = Kills by friends in this place as a percentage of kills by friends in the entire game.
 D = Other kills in this place as a percentage of other kills in the entire game.
 E = Experience gained in this place as a percentage of experience gained in the entire game.
 F = Experience gained in this place divided by the number of levels of this place that you have seen.
                   A       B       C       D       E      F
               +-------+-------+-------+-------+-------+----------------------
         Total | 100.0 | 100.0 |   N/A |   N/A | 100.0 |  65.0
       Dungeon | 100.0 | 100.0 |   N/A |   N/A | 100.0 |  65.0
               +-------+-------+-------+-------+-------+----------------------
